 Dungeon Crawl Stone Soup version 0.31-a0-963-ga325b2283a (webtiles) character file.

Game seed: 14746890719847586909

289 Iich the Magician (level 6, -1/32 HPs)
             Began as a Gargoyle Earth Elementalist on Oct 23, 2023.
             Slain by a gnoll
             ... wielding a +0 flail
              (4 damage)
             ... on level 3 of the Dungeon on Oct 24, 2023.
             The game lasted 00:14:20 (3315 turns).

Iich the Magician (Gargoyle Earth Elementalist)     Turns: 3315, Time: 00:14:20

Health: -1/32      AC:  7    Str: 12    XL:     6   Next: 31%
Magic:  10/12      EV: 11    Int: 17    God:
Gold:   195        SH:  0    Dex: 10    Spells: 11/13 levels left

rFire   . . .        f - +1 short sword (protect)
rCold   . . .        (no shield)
rNeg    + . .        j - +0 leather armour
rPois   ∞            (no helmet)
rElec   +            (no cloak)
rCorr   .            (no gloves)
SInv    .            (no boots)
Will    .....        (no amulet)
Stlth   ++           (no ring)
HPRegen 0.25/turn    (no ring)
MPRegen 0.13/turn

%: no passive effects
@: very slightly contaminated
A: sickness immunity, AC +4, negative energy resistance 1, electricity
resistance, torment resistance 1, petrification resistance
a: no special abilities


You were on level 3 of the Dungeon.
You visited 1 branch of the dungeon, and saw 4 of its levels.
You also visited: Sewer.

You collected 195 gold pieces.

Inventory:

Hand Weapons
 f - a +1 short sword of protection (weapon)
Armour
 a - a +0 robe
 e - a +0 scale mail
 j - a +0 leather armour (worn)
 n - a +0 buckler
Scrolls
 c - a scroll of silence {unknown}
 g - 2 scrolls of poison
 i - a scroll of identify
 k - a scroll of fog
 l - a scroll of brand weapon
 p - a scroll of noise
 r - a scroll of enchant weapon {unknown}
Potions
 b - a potion of magic
 d - 2 potions of might
 h - 2 potions of haste
 m - a potion of attraction
 o - a potion of ambrosia {unknown}
 s - a potion of enlightenment {unknown}


   Skills:
 - Level 1.5 Dodging
 - Level 2.1 Stealth
 + Level 1.2 Shields
 + Level 4.2 Spellcasting
 + Level 3.3 Transmutations
 + Level 4.0 Earth Magic


You had 11 spell levels left.
You knew the following spells:

 Your Spells              Type           Power      Damage    Failure   Level
a - Sandblast             Erth           34%        2d9       3%          1
b - Sting                 Tmut/Pois      36%        1d4       10%         1

Your spell library contained the following spells:

 Spells                   Type           Power      Damage    Failure   Level
 Passwall                 Tmut/Erth      13%        N/A       6%          2
 Stone Arrow              Conj/Erth      20%        3d8       26%         3
 Ensorcelled Hibernation  Hex/Ice        6%         N/A       30%         2
 Poisonous Vapours        Pois/Air       6%         N/A       30%         2
 Petrify                  Tmut/Erth      16%        N/A       38%         4
 Swiftness                Air            3%         N/A       52%         3
 Brom's Barrelling Bould  Conj/Erth      10%        2d3       63%         4
 Olgreb's Toxic Radiance  Pois           3%         N/A       89%         4


Dungeon Overview and Level Annotations

Branches:
Dungeon (4/15)              Sewer (visited)
 Temple: D:4-7

Altars:


Innate Abilities, Weirdness & Mutations

You are immune to sickness and miasma.
Your stone body is resilient. (AC +4)
You are immune to poison.
You resist negative energy. (rN+)
You are resistant to electric shocks. (rElec)
You are resistant to unholy torment.
You are immune to petrification.


Message History

You hit the gnoll.
Your weapon exudes an aura of protection.
The gnoll is lightly wounded.
The ball python misses you. The ball python grabs you.
The ball python constricts you. The gnoll hits you but does no damage.
Cast which spell? (? or * to list)
Aiming: Sting (safe; 10% risk of failure)
Press: ? - help, Shift-Dir - straight line, f/p - gnoll
Aim: a gnoll, wielding a +0 flail (lightly wounded, 72% to hit)
You miscast Sting.
You are very lightly contaminated with residual magic.
Nothing appears to happen.
The ball python bites you but does no damage.
The ball python constricts you. The gnoll hits you with a +0 flail!
* * * LOW HITPOINT WARNING * * *
You take 6 damage, and have 8/32 hp.
You now have 11/12 mp.
Unknown command.
Casting: Sting (safe; 10% risk of failure)
Confirm with . or Enter, or press ? or * to list all spells.
You don't know that spell.
Casting: Sting (safe; 10% risk of failure)
Confirm with . or Enter, or press ? or * to list all spells.
Okay, then.
You are too injured to fight recklessly!
Casting: Sting (safe; 10% risk of failure)
Confirm with . or Enter, or press ? or * to list all spells.
Aiming: Sting (safe; 10% risk of failure)
Press: ? - help, Shift-Dir - straight line, f/p - gnoll
Aim: a gnoll, wielding a +0 flail (lightly wounded, 72% to hit)
The sting hits the gnoll.
The gnoll is poisoned.
The gnoll is lightly wounded.
The ball python bites you.
* * * LOW HITPOINT WARNING * * *
The ball python constricts you. The gnoll hits you with a +0 flail.
* * * LOW HITPOINT WARNING * * *
You take 5 damage, and have 3/32 hp.
You now have 10/12 mp.
You escape the ball python's grasp.
The ball python closely misses you. The ball python completely misses you.
The gnoll attacks as it pursues you! The gnoll hits you with a +0 flail.
You die...

#.........#........##.##..
#.#########........##.###.
#.##......'........##.#...
#.##.######........##.#.##
#.##....................##
#.##########'#+######.##..
#.####.#...............'..
#.#....#.....#.#########..
#.#.##)#S@.#.#.#########..
#.#.##.#>g.............'..
#.#.##.#..<#.#.#########..
#...<#.#.#.#.#.# #...
#...##.#.#.#.#.# #...
#...##...#.#.#.# #...
#...######.#.#.# #...
#...######.#.#.# #...
#..........#+#'###### #...


You could see a gnoll (poisoned) and a ball python.

Vanquished Creatures
  Pargi (Sewer)
  A phantom (D:2)
  4 adders
  A river rat (D:3)
  2 dart slugs
  7 ball pythons
  5 endoplasms
  A giant cockroach (D:2)
  9 goblins
  5 hobgoblins
  13 jackals
  4 quokkas
  4 bats (D:1)
  3 frilled lizards
  6 kobolds
  7 rats
73 creatures vanquished.

Notes
Turn   | Place    | Note
-------+----------+-------------------------------------------
     0 | D:1      | Iich the Gargoyle Earth Elementalist began the quest for
                  | the Orb.
     0 | D:1      | Reached XP level 1. HP: 10/10 MP: 3/3
    36 | D:1      | Reached skill level 1 in Transmutations
    79 | D:1      | Reached XP level 2. HP: 15/15 MP: 0/5
   427 | D:1      | You fall into a shaft and drop 1 floor!
   508 | D:1      | Reached XP level 3. HP: 19/19 MP: 4/6
  1692 | D:2      | Noticed a phantom
  1706 | D:2      | Killed a phantom
  1707 | D:2      | Reached XP level 4. HP: 21/24 MP: 0/9
  1707 | D:2      | Reached XP level 5. HP: 24/28 MP: 0/10
  2098 | D:3      | Learned a level 1 spell: Sting
  2210 | D:3      | Found a glowing drain.
  2398 | Sewer    | Entered a sewer
  2498 | Sewer    | Noticed Pargi
  2514 | Sewer    | Killed Pargi
  2515 | Sewer    | Reached skill level 1 in Shields
  2515 | Sewer    | Reached XP level 6. HP: 29/32 MP: 8/12
  3311 | D:3      | Upgraded the game from 0.31-a0-960-g0fca184906 to
                  | 0.31-a0-963-ga325b2283a
  3315 | D:3      | Slain by a gnoll

Illustrated notes

Levels and vault maps discovered:
D:1:      lightli_arrival_flooded_house, layout_loops_ring,
          minmay_misc_feat_more_columns
D:2:      layout_basic, minmay_pentomino_s2
D:3:      layout_basic, portal_sewer_entry_a
D:4:      layout_gridville, kennysheep_mini

Skill      XL: |  1  2  3  4  5 |
---------------+----------------+-----
Transmutations | 1 2 3 |  3.3
Spellcasting   | 3 4 |  4.2
Shields        | 1 |  1.2
Earth Magic    | 4 |  4.0
Dodging        | |  1.5
Stealth        | |  2.1

Action                     |  1- 3 |  4- 6 || total
---------------------------+-------+-------++-------
  Melee: Short sword       |    19 |    36 ||    55
   Cast: Sandblast         |    59 |    29 ||    88
         Sting             |       |     5 ||     5
    Use: Scroll            |       |     5 ||     5
         Potion            |       |     5 ||     5
   Stab: Sleeping          |       |     1 ||     1
 Armour: Robe              |    12 |       ||    12
         Leather armour    |     9 |    71 ||    80
  Dodge: Dodged            |    27 |    70 ||    97

Table legend: (Time is in decaauts)
 A = Elapsed time spent in this place.
 B = Non-inter-level travel time spent in this place.
 C = Inter-level travel time spent in this place.
 D = Time resting spent in this place.
 E = Time spent auto-exploring this place.
 F = Levels seen in this place.
 G = Mean time per level.
                   A        B        C        D        E       F      G
               +--------+--------+--------+--------+--------+-----+--------+
         Total |   3377 |   3286 |     91 |      6 |   2150 |   5 |  675.4 |
       Dungeon |   2985 |   2894 |     91 |      6 |   1996 |   4 |  746.2 |
         Sewer |    391 |    391 |      0 |      0 |    153 |   1 |  391.0 |
               +--------+--------+--------+--------+--------+-----+--------+

Top non-repeatable levels by time:
     D:1: 1180 daAuts
     D:2: 910 daAuts
     D:3: 842 daAuts
   Sewer: 391 daAuts
     D:4: 52 daAuts
